[Event "Titled Tuesday Blitz October 5 2021"]
[White "Krivonosov, Oleg"]
[Black "Maghsoodloo, Parham"]
[WhiteFideId "11600349"]
[BlackFideId "12539929"]
[WhiteElo "2469"]
[BlackElo "2601"]
[Result "0-1"]
[Round "07"]
[TimeControl "180+1"]
[Date "2021.10.05"]
[WhiteClock "0:00:09"]
[BlackClock "0:01:07"]

1. Nf3 d5 2. d4 Nf6 3. c4 e6 4. g3 Bb4+ 5. Bd2 Be7 6. Bg2 O-O 7. O-O c6 8. Qc2 b6 9. Bf4 a5 10. Rd1 Na6 11. a3 Bb7 12. Ne5 Rc8 13. Nc3 dxc4 14. Nxc4 b5 15. Ne5 Qb6 16. Bg5 Rfd8 17. Bxf6 Bxf6 18. Ne4 Be7 19. e3 g6 20. Rac1 c5 21. dxc5 Nxc5 22. Rxd8+ Qxd8 23. Qb1 Nxe4 24. Rxc8 Qxc8 25. Bxe4 Bf6 26. Bxb7 Qxb7 27. Nd3 h5 28. Qc2 h4 29. Nf4 e5 30. Ne2 Qf3 31. Nc3 e4 32. Nxe4 Bxb2 33. gxh4 Bxa3 34. Qc8+ Bf8 35. Ng5 Qf5 36. Qa8 Qg4+ 37. Kf1 Qxh4 38. Nf3 Qc4+ 39. Kg2 Qg4+ 40. Kf1 a4 41. Nd4 a3 42. Nxb5 Qc4+ 0-1


[Site "https://www.chess.com"]

[Event "Titled Tuesday Blitz October 5 2021"]
[White "Kuegel, Tobias"]
[Black "Piesik, Piotr"]
[WhiteFideId "4636295"]
[BlackFideId "1136194"]
[WhiteElo "2439"]
[BlackElo "2336"]
[Result "0-1"]
[Round "07"]
[TimeControl "180+1"]
[Date "2021.10.05"]
[WhiteClock "0:00:05"]
[BlackClock "0:00:32"]

1. Nf3 g6 2. g3 Bg7 3. Bg2 d5 4. O-O Nf6 5. c4 c6 6. d4 dxc4 7. Ne5 Ng4 8. Nf3 Nd7 9. Na3 Nb6 10. Qc2 Be6 11. Ng5 Bd5 12. e4 h6 13. exd5 hxg5 14. dxc6 Qxd4 15. Nb5 Qe5 16. cxb7 Rb8 17. Nxa7 Qc7 18. Nb5 Qc5 19. Nc3 Rxh2 20. Ne4 Qc6 21. Bf3 Ne5 22. Kxh2 Nxf3+ 23. Kg2 g4 24. Bf4 e5 25. Be3 f5 26. Rad1 fxe4 27. Rh1 Rxb7 28. a4 Nd5 29. b3 Nxe3+ 30. fxe3 Rxb3 31. Qe2 Qc5 32. Rh7 Rxe3 33. Qf2 Bf6 34. Rdd7 c3 35. Rc7 Qd4 36. Rcd7 Rd3 37. Rxd4 exd4 38. Rh6 Rd2 39. Qxd2 cxd2 40. Rh1 e3 41. a5 e2 42. a6 e1=Q 43. Rxe1+ dxe1=Q 44. a7 Qg1# 0-1


[Site "https://www.chess.com"]

[Event "Titled Tuesday Blitz October 5 2021"]
[White "Le, Tuan Minh"]
[Black "Pridorozhni, Aleksei"]
[WhiteFideId "12401153"]
[BlackFideId "4127870"]
[WhiteElo "2450"]
[BlackElo "2565"]
[Result "1-0"]
[Round "07"]
[TimeControl "180+1"]
[Date "2021.10.05"]
[WhiteClock "0:01:29"]
[BlackClock "0:00:21"]

1. d4 d6 2. e4 Nf6 3. Nc3 e5 4. Nf3 Nbd7 5. Bc4 Be7 6. O-O O-O 7. Re1 exd4 8. Nxd4 Nb6 9. Bf1 c5 10. Nf5 Bxf5 11. exf5 d5 12. Qf3 h6 13. a4 Bd6 14. a5 Nc8 15. a6 b6 16. Nb5 Ne7 17. c4 d4 18. Bd3 Re8 19. Bd2 Qd7 20. Qb7 Rad8 21. Nxa7 Qxb7 22. axb7 Rd7 23. Nc8 Rxc8 1-0


[Site "https://www.chess.com"]

[Event "Titled Tuesday Blitz October 5 2021"]
[White "Lehtosaari, Mauri"]
[Black "Karolczuk, Iwo"]
[WhiteFideId "501999"]
[BlackFideId "21816972"]
[WhiteElo "2450"]
[BlackElo "2093"]
[Result "0-1"]
[Round "07"]
[TimeControl "180+1"]
[Date "2021.10.05"]
[WhiteClock "0:00:06"]
[BlackClock "0:00:25"]

1. d4 Nf6 2. Nf3 g6 3. g3 Bg7 4. Bg2 O-O 5. O-O c6 6. b3 d5 7. Bb2 a5 8. a3 h6 9. Nbd2 g5 10. Re1 Bf5 11. Ne5 Nbd7 12. c4 e6 13. e4 dxe4 14. Nxe4 Qb6 15. Nxd7 Nxd7 16. Nd6 Bg6 17. c5 Qc7 18. b4 Nf6 19. b5 Nd5 20. b6 Qd7 21. Bxd5 exd5 22. Qf3 Rfd8 23. g4 Bf8 24. Nf5 Bxf5 25. gxf5 Re8 26. Re3 Rxe3 27. fxe3 Re8 28. Rf1 Re4 29. Bc1 a4 30. f6 Qe6 31. Qf5 Qxf5 32. Rxf5 Kh7 33. Kg2 Kg6 34. Rf1 h5 35. Bd2 Re8 36. h3 Bh6 37. Kf3 Kxf6 38. Ke2+ Kg6 39. Rb1 f5 40. Kf2 h4 41. Rb4 Ra8 42. Rb1 g4 43. Rg1 Kh5 44. Be1 Re8 45. Bd2 Re7 46. Rb1 gxh3 47. Rh1 Re4 48. Rxh3 f4 0-1


[Site "https://www.chess.com"]

[Event "Titled Tuesday Blitz October 5 2021"]
[White "Leitao, Rafael"]
[Black "Golubev, Mikhail"]
[WhiteFideId "2101246"]
[BlackFideId "14100983"]
[WhiteElo "2609"]
[BlackElo "2374"]
[Result "0-1"]
[Round "07"]
[TimeControl "180+1"]
[Date "2021.10.05"]
[WhiteClock "0:00:12"]
[BlackClock "0:00:20"]

1. c4 g6 2. g3 Bg7 3. Bg2 d6 4. d4 Nf6 5. Nc3 O-O 6. Nf3 Nbd7 7. O-O e5 8. b3 Re8 9. e4 exd4 10. Nxd4 Nc5 11. Re1 Ng4 12. f3 Ne5 13. Be3 f5 14. Qd2 fxe4 15. fxe4 Ng4 16. Bf4 g5 17. Be3 Nxe3 18. Rxe3 g4 19. Re2 Ne6 20. Nf5 Be5 21. Nh6+ Kg7 22. Nxg4 Nd4 23. Qh6+ Kg8 24. Nxe5 Nxe2+ 25. Nxe2 dxe5 26. Rf1 Bg4 27. Nc3 c6 28. Rf6 Qe7 29. h3 Be6 30. Kh2 Kh8 31. Nd5 cxd5 32. exd5 Bg8 33. Be4 Qg7 34. Qh4 Rf8 35. Rh6 Rf2+ 36. Kg1 Raf8 37. g4 Qf7 38. Bf5 Rxf5 39. gxf5 Qxf5 40. Qg3 Rf7 41. h4 Qf1+ 42. Kh2 Rf2+ 0-1


[Site "https://www.chess.com"]

[Event "Titled Tuesday Blitz October 5 2021"]
[White "Maly, Alexey"]
[Black "King, Alexander"]
[WhiteFideId "14103184"]
[BlackFideId "2063620"]
[WhiteElo "2294"]
[BlackElo "2306"]
[Result "1-0"]
[Round "07"]
[TimeControl "180+1"]
[Date "2021.10.05"]
[WhiteClock "0:00:46"]
[BlackClock "0:00:01"]

1. d4 d5 2. c4 e6 3. Nf3 Nf6 4. e3 Be7 5. Nbd2 O-O 6. Bd3 b6 7. O-O Bb7 8. Qe2 Nbd7 9. e4 dxe4 10. Nxe4 c5 11. dxc5 Nxe4 12. Bxe4 Bxe4 13. Qxe4 Nxc5 14. Qe3 Qd3 15. b3 Bf6 16. Qxd3 Nxd3 17. Rb1 Rac8 18. Ba3 Rfd8 19. Rfd1 g5 20. Kf1 Kg7 21. Ne1 Ne5 22. Ke2 Nc6 23. Nc2 Kg6 24. Rxd8 Rxd8 25. Rd1 Rxd1 26. Kxd1 h5 27. Ke2 g4 28. Bd6 Kf5 29. b4 Be5 30. Bxe5 Nxe5 31. c5 bxc5 32. bxc5 Ke4 33. Nb4 Nc4 34. c6 Nb6 35. c7 a5 36. Nc6 Nc8 37. Nxa5 Kd5 38. Nb7 f5 39. Nd8 e5 40. Nf7 Ke6 41. Ng5+ Kf6 42. h4 1-0


[Site "https://www.chess.com"]

[Event "Titled Tuesday Blitz October 5 2021"]
[White "Mekhitarian, Krikor Sevag"]
[Black "Viani Antonio Dcunha"]
[WhiteFideId "2107660"]
[BlackFideId "5027330"]
[WhiteElo "2598"]
[BlackElo "2366"]
[Result "0-1"]
[Round "07"]
[TimeControl "180+1"]
[Date "2021.10.05"]
[WhiteClock "0:00:02"]
[BlackClock "0:00:12"]

1. e4 e5 2. Nf3 Nc6 3. Bb5 a6 4. Ba4 Nf6 5. O-O Bc5 6. c3 b5 7. Bc2 d6 8. h3 O-O 9. a4 Rb8 10. axb5 axb5 11. d4 Bb6 12. Be3 exd4 13. Nxd4 Bb7 14. Nxc6 Bxc6 15. Bxb6 Rxb6 16. Nd2 Re8 17. Re1 b4 18. c4 b3 19. Bd3 Qb8 20. c5 Rb4 21. cxd6 cxd6 22. Rc1 Qb7 23. Nc4 Qb8 24. Qd2 h6 25. e5 dxe5 26. Nxe5 Bd5 27. Qc3 Ne4 28. Bxe4 Rxe4 29. Rxe4 Bxe4 30. Nc4 Bg6 31. Qg3 Qxg3 32. fxg3 Re2 33. Rc3 Rc2 0-1


[Site "https://www.chess.com"]

[Event "Titled Tuesday Blitz October 5 2021"]
[White "Melian, Juan Sebastian"]
[Black "Beulen, Marcel"]
[WhiteFideId "3706575"]
[BlackFideId "1001450"]
[WhiteElo "1672"]
[BlackElo "2376"]
[Result "0-1"]
[Round "07"]
[TimeControl "180+1"]
[Date "2021.10.05"]
[WhiteClock "0:00:01"]
[BlackClock "0:00:11"]

1. e4 d5 2. Nc3 dxe4 3. Nxe4 Nd7 4. d4 Ngf6 5. Ng3 e6 6. Nf3 c6 7. Bd3 Be7 8. Qe2 O-O 9. Bd2 b6 10. h4 Bb7 11. Ng5 c5 12. c3 cxd4 13. cxd4 Rc8 14. O-O h6 15. Rad1 hxg5 16. hxg5 Nh7 17. f4 g6 18. f5 e5 19. dxe5 Bc5+ 20. Kh2 Nxg5 21. Qg4 Nxe5 22. Qxg5 Qxg5 23. Bxg5 Nxd3 24. Rxd3 Ba6 25. Rfd1 Bxd3 26. Rxd3 f6 27. Bh6 Rfd8 28. Rf3 g5 29. Ne4 Kf7 30. Kg3 Rh8 31. Bxg5 fxg5 32. Nxg5+ Kf6 33. Ne4+ Ke5 34. Nc3 Rhg8+ 35. Kh2 Rcf8 36. b4 Bd4 37. Ne2 Ke4 38. Rh3 Be5+ 39. Kh1 Rxf5 40. Rh4+ Ke3 41. Ng1 Rf1 42. Rh3+ Kd2 43. b5 Bd4 0-1


[Site "https://www.chess.com"]

[Event "Titled Tuesday Blitz October 5 2021"]
[White "Mezentsev, Ivan"]
[Black "Khamrakulov, Djurabek"]
[WhiteFideId "13706195"]
[BlackFideId "14201143"]
[WhiteElo "2295"]
[BlackElo "2535"]
[Result "0-1"]
[Round "07"]
[TimeControl "180+1"]
[Date "2021.10.05"]
[WhiteClock "0:00:28"]
[BlackClock "0:00:07"]

1. d4 f5 2. Nf3 Nf6 3. g3 g6 4. Bg2 Bg7 5. O-O O-O 6. c4 d6 7. Nc3 c6 8. d5 e5 9. Rb1 a5 10. a3 Qe7 11. b4 axb4 12. axb4 e4 13. Nd4 cxd5 14. cxd5 Bd7 15. b5 Rc8 16. Bb2 Rc5 17. Nb3 Rc4 18. Ra1 Rxa1 19. Qxa1 e3 20. f4 h5 21. Qa8 Qe8 22. Na5 Rc8 23. Qxb7 Ng4 24. Nc6 h4 25. gxh4 Bf6 26. Nd1 Bxh4 27. h3 Nf2 28. Bd4 Nxd1 29. Rxd1 Bg3 30. Rf1 Qf8 31. Rf3 Bf2+ 32. Kh1 Nxc6 33. dxc6 Be6 34. Bxe3 Bh4 35. Bd4 Rb8 36. Ba7 Re8 37. Re3 Bf2 38. Rxe6 Rxe6 39. Bd5 Qf6 40. Qc8+ Kg7 41. Qxe6 Qa1+ 42. Kg2 Qg1+ 43. Kf3 Qg3# 0-1


[Site "https://www.chess.com"]

[Event "Titled Tuesday Blitz October 5 2021"]
[White "Moroni, Luca Jr"]
[Black "Yaksin, Oleg"]
[WhiteFideId "865834"]
[BlackFideId "24105880"]
[WhiteElo "2491"]
[BlackElo "2256"]
[Result "1-0"]
[Round "07"]
[TimeControl "180+1"]
[Date "2021.10.05"]
[WhiteClock "0:00:58"]
[BlackClock "0:00:06"]

1. d4 Nf6 2. c4 e6 3. Nc3 Bb4 4. Nf3 O-O 5. Bg5 b6 6. e3 Bb7 7. Bd3 Bxc3+ 8. bxc3 d6 9. Qc2 h6 10. Bh4 Nbd7 11. O-O e5 12. e4 Qe7 13. Rae1 g5 14. Bg3 Nh5 15. Nd2 Nf4 16. Bxf4 gxf4 17. g3 Qf6 18. Be2 exd4 19. cxd4 fxg3 20. hxg3 Qxd4 21. Bg4 Ne5 22. Bh5 Bc8 23. Nb3 Qxc4 24. Qd2 Qe6 25. f4 Nd7 26. Nd4 Qf6 27. e5 Qg7 28. Nf5 Qh7 29. Ne7+ Kh8 30. exd6 Nc5 31. Qd4+ Qg7 32. Qxg7+ Kxg7 33. Bf3 Ba6 34. Bxa8 Rxa8 35. dxc7 Ne6 36. Rc1 Bc8 37. f5 Nc5 38. f6+ Kf8 39. Rfd1 Ke8 40. Rd8# 1-0


[Site "https://www.chess.com"]

[Event "Titled Tuesday Blitz October 5 2021"]
[White "Mostbauer, Maximilian"]
[Black "Gelman, Alexander"]
[WhiteFideId "1626680"]
[BlackFideId "4118316"]
[WhiteElo "2188"]
[BlackElo "2375"]
[Result "0-1"]
[Round "07"]
[TimeControl "180+1"]
[Date "2021.10.05"]
[WhiteClock "0:00:11"]
[BlackClock "0:00:19"]

1. d4 Nf6 2. Nf3 c5 3. g3 cxd4 4. Bg2 d6 5. O-O e6 6. Nxd4 a6 7. b3 Be7 8. Bb2 O-O 9. Nd2 Qc7 10. c4 Nbd7 11. Rc1 Ne5 12. N2f3 Ng6 13. h4 Bd7 14. Re1 Rac8 15. e4 Qb8 16. Ng5 h6 17. Nh3 b5 18. Bf1 bxc4 19. Bxc4 d5 20. exd5 exd5 21. h5 Bb4 22. hxg6 Bxe1 23. Nf4 Bxf2+ 24. Kxf2 dxc4 25. Nf3 c3 26. Bxc3 Ne4+ 27. Kg2 Bg4 28. gxf7+ Rxf7 29. Qd4 Nxc3 30. Ne5 Qb7+ 31. Kh2 Nb5 32. Rxc8+ Qxc8 33. Qd5 Qc2+ 34. Ng2 Bh5 35. Nxf7 Bxf7 36. Qd8+ Kh7 37. a4 Nc3 38. Qd4 Ne2 39. Qe3 Bxb3 40. Kh3 Bxa4 41. Nf4 Bd7+ 42. g4 Nxf4+ 43. Qxf4 Qd3+ 44. Kh2 Qe2+ 45. Kh3 Qxg4+ 46. Qxg4 Bxg4+ 47. Kh4 a5 48. Kg3 a4 49. Kh4 a3 50. Kg3 a2 51. Kf4 a1=Q 52. Kg3 Qf6 53. Kh2 Bd7 54. Kg3 Kg6 55. Kh2 Kg5 56. Kg3 Qf4+ 57. Kg2 Kh4 58. Kg1 Qd2 59. Kf1 Kg3 0-1


[Site "https://www.chess.com"]

[Event "Titled Tuesday Blitz October 5 2021"]
[White "Nagy, Gabor"]
[Black "Vlachos, Anatole"]
[WhiteFideId "737119"]
[BlackFideId "26093189"]
[WhiteElo "2534"]
[BlackElo "2350"]
[Result "1-0"]
[Round "07"]
[TimeControl "180+1"]
[Date "2021.10.05"]
[WhiteClock "0:01:06"]
[BlackClock "0:00:20"]

1. c4 d6 2. Nc3 c6 3. d4 Qc7 4. e4 e5 5. f4 g6 6. Nf3 Nd7 7. fxe5 dxe5 8. d5 Bg7 9. Bd3 Ngf6 10. O-O O-O 11. Kh1 Nh5 12. Be3 f5 13. exf5 gxf5 14. Ng5 Ndf6 15. Bxf5 Bxf5 16. Rxf5 cxd5 17. Nxd5 Qxc4 18. Ne7+ Kh8 19. Nxh7 Nxh7 20. Ng6+ Kg8 21. Ne7+ Kh8 22. Qxh5 Rxf5 23. Qxf5 e4 24. Ng6+ Kg8 25. Ne7+ Kh8 26. Rc1 Qxa2 27. Ng6+ Kg8 28. Ne7+ Kh8 29. h3 Re8 30. Ng6+ Kg8 31. Rc7 Qe6 32. Qh5 Rd8 33. Ne7+ Kh8 34. Ng6+ Kg8 35. Rxb7 a5 36. Ne7+ Kh8 37. Nf5 Kg8 38. Rxg7+ 1-0


[Site "https://www.chess.com"]

[Event "Titled Tuesday Blitz October 5 2021"]
[White "Nenezic, Marko"]
[Black "Florescu, Codrut-Constantin"]
[WhiteFideId "912123"]
[BlackFideId "1202200"]
[WhiteElo "2484"]
[BlackElo "2243"]
[Result "1/2-1/2"]
[Round "07"]
[TimeControl "180+1"]
[Date "2021.10.05"]
[WhiteClock "0:00:10"]
[BlackClock "0:00:09"]

1. Nf3 d5 2. g3 e6 3. Bg2 Nf6 4. O-O Be7 5. d4 O-O 6. c4 c6 7. Qc2 Nbd7 8. Nbd2 b6 9. b3 Bb7 10. Bb2 Rc8 11. Rac1 c5 12. Qb1 dxc4 13. Nxc4 Be4 14. Qa1 Qc7 15. dxc5 bxc5 16. Bh3 a5 17. Nfd2 Bd5 18. e4 Bb7 19. Bc3 Ra8 20. a4 Bc6 21. Bg2 Rfb8 22. Rfe1 h6 23. Rb1 Rb7 24. h3 Rbb8 25. Kh2 Rb7 26. f4 Rbb8 27. Ne5 Bb7 28. Ndc4 Bf8 29. Rbd1 Rd8 30. Qb2 Be7 31. Nxd7 Rxd7 32. Rxd7 Qxd7 33. Nxa5 Ba6 34. Bxf6 gxf6 35. e5 Rc8 36. exf6 Bf8 37. Bf1 Bxf1 38. Rxf1 Qd3 39. Rf2 Rb8 40. Qe2 Qc3 41. Nc6 Rxb3 42. Qg4+ Kh7 43. Ne5 Rb2 44. Kg2 Rxf2+ 45. Kxf2 Qc2+ 46. Qe2 Qxa4 47. Nxf7 Qd4+ 48. Kg2 Qxf6 49. Ne5 Bg7 50. Qe3 Qe7 51. Qe4+ Kg8 52. Nc4 Qd7 53. Ne3 Kf7 54. Kf3 Qd4 55. Qb7+ Kg8 56. Qc8+ Kh7 57. Qxe6 c4 58. Qxc4 Qd2 59. Qe4+ Kg8 60. h4 Qe1 61. Kg4 Qe2+ 62. Kf5 Qh5+ 63. Ke6 Qf7+ 64. Kd6 Bf8+ 65. Kc6 Qf6+ 66. Kb5 Qd6 67. Qd5+ Qxd5+ 68. Nxd5 Kf7 69. h5 Ke6 70. Kc4 Kf5 71. Kd4 Kg4 72. Ke5 Kxg3 73. f5 Kg4 74. Nf6+ Kh4 75. Ke6 Ba3 76. Nd7 Kxh5 77. f6 Kg5 78. f7 h5 79. Ne5 h4 80. Nc6 Bf8 81. Nd4 h3 82. Nf3+ Kf4 83. Nh2 Kg3 84. Nf1+ Kf2 85. Nh2 Kg3 86. Nf1+ Kf2 87. Nh2 Kg3 1/2-1/2


[Site "https://www.chess.com"]

[Event "Titled Tuesday Blitz October 5 2021"]
[White "Nesterov, Arseniy"]
[Black "Maksimovic, Bojan"]
[WhiteFideId "24198455"]
[BlackFideId "14408120"]
[WhiteElo "2494"]
[BlackElo "2439"]
[Result "0-1"]
[Round "07"]
[TimeControl "180+1"]
[Date "2021.10.05"]
[WhiteClock "0:00:13"]
[BlackClock "0:00:06"]

1. d4 d5 2. c4 e5 3. dxe5 d4 4. a3 Nc6 5. Nf3 Nge7 6. b4 Ng6 7. Bb2 a5 8. b5 Ncxe5 9. Nxe5 Nxe5 10. e3 Bc5 11. exd4 Bg4 12. Qd2 Qh4 13. Be2 O-O-O 14. Qf4 g5 15. Qe4 f5 16. Qe3 Rhe8 17. O-O Bxe2 18. Qxe2 Ng4 19. Qxg4 Qxg4 20. dxc5 Qxc4 21. Bf6 Qxf1+ 22. Kxf1 Rd1# 0-1


[Site "https://www.chess.com"]

[Event "Titled Tuesday Blitz October 5 2021"]
[White "Nilsen, Tobias Lang"]
[Black "Karttunen, Mika"]
[WhiteFideId "1521624"]
[BlackFideId "502081"]
[WhiteElo "1975"]
[BlackElo "2343"]
[Result "1-0"]
[Round "07"]
[TimeControl "180+1"]
[Date "2021.10.05"]
[WhiteClock "0:00:08"]
[BlackClock "0:00:02"]

1. e4 c5 2. Nf3 d6 3. d4 cxd4 4. Qxd4 Nf6 5. e5 Nc6 6. Bb5 Nd7 7. Bxc6 bxc6 8. Nc3 d5 9. O-O e6 10. Bg5 Qb6 11. Qd2 Ba6 12. Rfe1 h6 13. Be3 Qxb2 14. Rab1 Qa3 15. Rb3 Qa5 16. Reb1 Bc5 17. Bxc5 Qxc5 18. Na4 Qc4 19. Qa5 Bb5 20. Nb2 Qxc2 21. Nd1 O-O 22. a4 Bc4 23. R3b2 Qg6 24. Ne3 Nb6 25. Qb4 Bd3 26. Rd1 Nc4 27. Nxc4 Bxc4 28. Nd4 Rfc8 29. Qd6 c5 30. Nc6 Qh5 31. Re1 Kh8 32. Rb7 d4 33. Nxa7 Rg8 34. a5 Bd5 35. Rc7 c4 36. Nb5 d3 37. Nc3 d2 38. Rd1 Rxa5 39. Qb4 Qxd1+ 40. Nxd1 Ra1 41. Qxd2 Rb8 42. Qc2 g6 43. h4 Rbb1 44. Kh2 1-0


[Site "https://www.chess.com"]

[Event "Titled Tuesday Blitz October 5 2021"]
[White "Novik, Maxim"]
[Black "Ekdyshman, Mikhail"]
[WhiteFideId "4102924"]
[BlackFideId "4149416"]
[WhiteElo "2316"]
[BlackElo "2256"]
[Result "0-1"]
[Round "07"]
[TimeControl "180+1"]
[Date "2021.10.05"]
[WhiteClock "0:00:10"]
[BlackClock "0:00:08"]

1. d4 Nf6 2. c4 c5 3. d5 b5 4. cxb5 a6 5. bxa6 Bxa6 6. Nc3 d6 7. g3 g6 8. Bg2 Bg7 9. Nf3 O-O 10. O-O Nbd7 11. Qc2 Qa5 12. Rd1 Rfb8 13. Rb1 Ng4 14. h3 Nge5 15. Nxe5 Nxe5 16. Bd2 Nc4 17. Be1 Bc8 18. a4 Bf5 19. e4 Bd7 20. Bf1 Ne5 21. Kg2 Bxa4 22. Nxa4 Qxa4 23. Qxa4 Rxa4 24. f3 Ra2 25. Bc3 Ng4 26. hxg4 Bxc3 27. f4 Rbxb2+ 28. Rxb2 Rxb2+ 29. Kf3 Bd4 30. Be2 f6 31. Rc1 g5 32. Rh1 c4 33. Rd1 Bc5 34. Rc1 Rb3+ 35. Kg2 c3 36. Rc2 Be3 37. Kf3 Bd2 38. Bd3 Kg7 39. Ra2 Rb4 40. Bc2 h6 41. Ra7 Rb2 42. Ba4 c2 43. Bxc2 Rxc2 44. Rxe7+ Kf8 45. Re6 Kf7 46. Rxd6 gxf4 47. gxf4 Rc3+ 48. Ke2 Bxf4 49. Rd7+ Kg6 50. Rd8 Re3+ 51. Kf2 Rxe4 52. Kf3 Rd4 53. Rd7 Be5 54. Ke3 Rxg4 55. d6 Rd4 56. Rd8 Rxd6 57. Rg8+ Kf5 58. Rg2 Bf4+ 59. Kf3 Rd3+ 60. Ke2 Rd2+ 61. Kf1 Rxg2 62. Kxg2 Kg4 0-1


[Site "https://www.chess.com"]

[Event "Titled Tuesday Blitz October 5 2021"]
[White "Nozdrachev, Leonid"]
[Black "Chernomordik, Pavel"]
[WhiteFideId "24113433"]
[BlackFideId "2804530"]
[WhiteElo "2124"]
[BlackElo "2281"]
[Result "0-1"]
[Round "07"]
[TimeControl "180+1"]
[Date "2021.10.05"]
[WhiteClock "0:00:04"]
[BlackClock "0:00:14"]

1. e4 g6 2. h4 d5 3. exd5 Nf6 4. d4 Qxd5 5. Be2 Bg7 6. Bf3 Qd6 7. c4 Nc6 8. Ne2 Bg4 9. Bf4 Qd7 10. d5 Bxf3 11. gxf3 Nb4 12. Nbc3 Nh5 13. Be3 Qf5 14. Nd4 Qd7 15. a3 Na6 16. b4 e5 17. dxe6 fxe6 18. Nde2 O-O-O 19. Qxd7+ Rxd7 20. b5 Nb8 21. Bxa7 Rf8 22. Be3 Rxf3 23. Rd1 Rxd1+ 24. Kxd1 Nd7 25. Ne4 Ne5 26. c5 Nc4 27. Ng5 Nxe3+ 28. fxe3 Rxe3 29. Rh3 Rxh3 30. Nxh3 Bf6 31. Ng5 Be7 32. c6 bxc6 33. bxc6 Bxa3 34. Nxh7 Be7 35. Nd4 Nf4 36. Ng5 Bxg5 37. hxg5 Kd8 38. Kd2 Ke7 39. Nb5 Nd5 40. Kd3 Nb4+ 41. Ke4 Nxc6 42. Nxc7 Nd8 43. Nb5 Nf7 44. Kf4 e5+ 45. Ke4 Ke6 46. Nc7+ Kd6 47. Ne8+ Ke7 48. Nf6 Nxg5+ 49. Kxe5 Nf7+ 50. Ke4 Kxf6 51. Kf4 g5+ 52. Kg4 Kg6 53. Kg3 Kf5 54. Kh3 Ne5 55. Kg3 g4 56. Kh4 Kf4 0-1


[Site "https://www.chess.com"]

[Event "Titled Tuesday Blitz October 5 2021"]
[White "Ozen, Bahadir"]
[Black "Mickiewicz, Piotr"]
[WhiteFideId "6337058"]
[BlackFideId "1114891"]
[WhiteElo "2503"]
[BlackElo "2251"]
[Result "1/2-1/2"]
[Round "07"]
[TimeControl "180+1"]
[Date "2021.10.05"]
[WhiteClock "0:01:16"]
[BlackClock "0:01:25"]

1. e4 c5 2. Nf3 d6 3. d4 cxd4 4. Nxd4 Nf6 5. Nc3 e6 6. g4 a6 7. g5 Nfd7 8. h4 b5 9. Bg2 Bb7 10. h5 Qc7 11. g6 hxg6 12. hxg6 Rxh1+ 13. Bxh1 Nf6 14. Qd3 Nbd7 15. gxf7+ Kxf7 16. Qh3 Qc4 17. Be3 b4 18. Nd5 exd5 19. Qe6+ Kg6 20. Qf5+ Kf7 21. Qe6+ Kg6 22. Qf5+ Kf7 23. Qe6+ 1/2-1/2


[Site "https://www.chess.com"]

[Event "Titled Tuesday Blitz October 5 2021"]
[White "Paltrinieri, Nicholas"]
[Black "Rosenberg, Evan S"]
[WhiteFideId "828262"]
[BlackFideId "2019299"]
[WhiteElo "2254"]
[BlackElo "2275"]
[Result "1-0"]
[Round "07"]
[TimeControl "180+1"]
[Date "2021.10.05"]
[WhiteClock "0:00:23"]
[BlackClock "0:00:02"]

1. d4 Nf6 2. Bg5 c5 3. Nc3 cxd4 4. Qxd4 Nc6 5. Qh4 h6 6. O-O-O d6 7. e4 Be6 8. Kb1 Qa5 9. Bxf6 gxf6 10. f4 Rc8 11. f5 Nb4 12. fxe6 Rxc3 13. a3 Nxc2 14. exf7+ Kd8 15. bxc3 Nxa3+ 16. Kb2 Nb5 17. Bxb5 Qxb5+ 18. Kc2 Qa4+ 19. Kd2 h5 20. Ke2 Bh6 21. Nf3 Qc2+ 22. Nd2 Qxc3 23. Qg3 Qxg3 24. hxg3 Bf8 25. g4 h4 26. Nf3 Rh7 27. Nxh4 Rxf7 28. Ng6 Ke8 29. Rh8 1-0


[Site "https://www.chess.com"]

[Event "Titled Tuesday Blitz October 5 2021"]
[White "Papasimakopoulos, Alexandros"]
[Black "Sadhwani, Raunak"]
[WhiteFideId "4244125"]
[BlackFideId "35093487"]
[WhiteElo "2352"]
[BlackElo "2517"]
[Result "1-0"]
[Round "07"]
[TimeControl "180+1"]
[Date "2021.10.05"]
[WhiteClock "0:00:50"]
[BlackClock "0:00:14"]

1. d4 Nf6 2. c4 g6 3. Nc3 Bg7 4. e4 d6 5. f3 O-O 6. Nge2 e5 7. Be3 exd4 8. Nxd4 Nc6 9. Be2 Re8 10. O-O Nh5 11. Qd2 Nf4 12. Nxc6 Nxe2+ 13. Nxe2 bxc6 14. Bd4 f6 15. Rad1 Be6 16. b3 Qe7 17. Rfe1 a5 18. Nc3 h5 19. Na4 Kh7 20. Bc3 Bh6 21. Qd4 Rf8 22. c5 Bf4 23. cxd6 cxd6 24. g3 Be5 25. Qd2 Bxc3 26. Qxc3 h4 27. Qxc6 Rfd8 28. Rc1 Rac8 29. Qb6 h3 30. Qxa5 f5 31. exf5 Rxc1 32. Rxc1 Bxf5 33. Re1 Qf6 34. Qc3 Qf7 35. Qe3 d5 36. g4 Bc8 37. Qe7 Qxe7 38. Rxe7+ Kh6 39. Kf2 d4 40. Re2 Ba6 41. Rd2 Kg5 42. Nc5 Bc8 43. Kg3 Kf6 44. Kxh3 Ke5 45. Kg3 Kd5 46. Nd3 g5 47. h4 gxh4+ 48. Kxh4 Ba6 49. Kg3 Rc8 50. Nb4+ 1-0


[Site "https://www.chess.com"]

[Event "Titled Tuesday Blitz October 5 2021"]
[White "Petesch, Gabriel"]
[Black "Popadic, Dragan"]
[WhiteFideId "2032465"]
[BlackFideId "913650"]
[WhiteElo "2374"]
[BlackElo "2207"]
[Result "1-0"]
[Round "07"]
[TimeControl "180+1"]
[Date "2021.10.05"]
[WhiteClock "0:00:09"]
[BlackClock "0:00:59"]

1. Nf3 Nf6 2. b3 g6 3. Bb2 Bg7 4. e3 d6 5. Be2 O-O 6. O-O c5 7. c4 Nc6 8. d4 Bf5 9. Nc3 a6 10. Qd2 Ne4 11. Nxe4 Bxe4 12. Rfd1 Rc8 13. dxc5 Bxb2 14. Qxb2 Bxf3 15. Bxf3 Ne5 16. Bxb7 Rxc5 17. Bxa6 Qb6 18. Bb5 Rfc8 19. a4 Qb8 20. a5 R5c7 21. a6 Ra7 22. Qd4 Nc6 23. Qd2 Ne5 24. h3 h5 25. Qd4 Nc6 26. Qe4 Nd8 27. Qf3 Ne6 28. Bc6 Qxb3 29. Bb7 Rc5 30. Bd5 Nd8 31. Rab1 Qa3 32. Rb8 Rxd5 33. Rxd8+ Kg7 34. Qxd5 Rxa6 35. Qd4+ f6 36. Qd5 Ra7 37. Qg8+ Kh6 38. h4 e5 39. Qf8+ Rg7 40. Rd7 1-0


[Site "https://www.chess.com"]

[Event "Titled Tuesday Blitz October 5 2021"]
[White "Potapova, Margarita"]
[Black "Stojanovski, Sandi"]
[WhiteFideId "14126869"]
[BlackFideId "1403249"]
[WhiteElo "2214"]
[BlackElo "2293"]
[Result "1-0"]
[Round "07"]
[TimeControl "180+1"]
[Date "2021.10.05"]
[WhiteClock "0:01:25"]
[BlackClock "0:00:03"]

1. d4 d5 2. c4 e6 3. Nf3 Nf6 4. Nc3 Bb4 5. cxd5 exd5 6. Bg5 h6 7. Bh4 Bf5 8. Qb3 c5 9. dxc5 Nc6 10. e3 g5 11. Bg3 Ne4 12. Bb5 Qa5 13. O-O Bxc3 14. bxc3 O-O 15. Qxd5 Nxg3 16. hxg3 Be6 17. Qd3 Rfd8 18. Nd4 Ne5 19. Qe4 Qc7 20. f4 Bd5 21. Qxe5 Qxe5 22. fxe5 1-0


[Site "https://www.chess.com"]

[Event "Titled Tuesday Blitz October 5 2021"]
[White "Przybylski, Wojciech"]
[Black "Gallo Garcia, Kemel Antonio"]
[WhiteFideId "1117599"]
[BlackFideId "3523896"]
[WhiteElo "2247"]
[BlackElo "2511"]
[Result "1/2-1/2"]
[Round "07"]
[TimeControl "180+1"]
[Date "2021.10.05"]
[WhiteClock "0:00:08"]
[BlackClock "0:00:06"]

1. d4 Nf6 2. c4 g6 3. Nc3 d5 4. Nf3 Bg7 5. Qb3 dxc4 6. Qxc4 O-O 7. e4 Nc6 8. h3 e5 9. d5 Nd4 10. Bd3 c6 11. Bg5 cxd5 12. Nxd5 Nxf3+ 13. gxf3 Be6 14. Qb5 Bxd5 15. exd5 Qxd5 16. Qxd5 Nxd5 17. Be4 Nf4 18. O-O-O Ne6 19. Be7 Rfc8+ 20. Kb1 Rc7 21. Bd6 Rd7 22. Bb4 Rxd1+ 23. Rxd1 Nd4 24. Rc1 Bf8 25. Ba5 Ne6 26. Bxb7 Rb8 27. Bd5 Rb5 28. Bxe6 fxe6 29. Bc3 Bd6 30. Re1 Kf7 31. Kc2 Kf6 32. a4 Rd5 33. b4 Kf5 34. Re4 g5 35. b5 h5 36. Rc4 Bc5 37. Be1 Bd4 38. Kb3 Kf4 39. a5 Kxf3 40. Kb4 g4 41. hxg4 hxg4 42. b6 axb6 43. a6 b5 44. Rc7 e4 45. a7 Bxa7 46. Rxa7 Ke2 47. Bc3 Kxf2 48. Rf7+ Rf5 49. Re7 g3 50. Rxe6 Rf4 51. Bd4+ Kf1 52. Be3 Rg4 53. Kc3 Ke2 54. Kd4 g2 55. Rb6 g1=Q 56. Bxg1 Rxg1 57. Kxe4 Rg4+ 58. Kd5 Rb4 59. Kc5 Rb1 60. Rxb5 Rxb5+ 61. Kxb5 1/2-1/2


[Site "https://www.chess.com"]